[Event "Late-Titled-Tuesday-Blitz-August-29-2023"]
[Site "Chess.com"]
[Date "2023.08.29"]
[Round "1"]
[White "Mindhunter08"]
[Black "ShiroglanTalibov"]
[Result "1/2-1/2"]
[WhiteElo "2456"]
[BlackElo "2831"]
[TimeControl "180+1"]
[EndTime "14:08:42 PDT"]
[Termination "Game drawn by repetition"]

1. e4 c5 2. Nf3 Nc6 3. d4 cxd4 4. Nxd4 e6 5. Nc3 Qc7 6. Be3 a6 7. g4 b5 8. Nxc6 Qxc6 9. Qd2 b4 10. Ne2 Qxe4 11. Rg1 Qc4 12. Nf4 Qc7 13. O-O-O Nf6 14. Nh5 Bb7 15. Bf4 d6 16. Nxf6+ gxf6 17. Qxb4 Rc8 18.
Qa4+ Qd7 19. Qxd7+ Kxd7 20. Rg3 d5 21. g5 fxg5 22.
Bxg5 Rg8 23. Bf4 Bd6 24. Bxd6 Kxd6 25. c3 a5 26. Be2 Rxg3 27. hxg3 h6 28. Kd2 Rg8 29.
Rh1 Rg6 30. Rh4 Bc6 31. Bd3 Rf6 32. Ke3 e5 33. a3 Bd7 34. f4 e4 35. Be2 Rg6 36. g4 f5 37. gxf5 Bxf5 38. Rh5 Bd7 39. Kd4 Bc6 40. b4 axb4 41. axb4 Rf6 42. Rh4 Bd7 43.
b5 Be8 44. b6 Kc6 45. Ke5 Rg6 46. Bh5 Rg8 47. Bxe8+ Rxe8+ 48. Kd4 e3 49. Rxh6+ Kb7 50. Rh1 e2 51. Re1 Kxb6 52. Kxd5 Kb5 53. c4+ Kb4 54.
Kd4 Rd8+ 55. Ke3 Kxc4 56. Rxe2 Rd3+ 57. Ke4 Rd4+ 58. Ke5 Rd5+ 59. Kf6 Rd1 60. f5 Kd5 61. Kg6 Rg1+ 62. Kf7 Kd6 63. f6 Rf1 64. Kg7 Rg1+ 65.
Kf8 Rf1 66. f7 Kd7 67. Re4 Rf2 68. Kg8 Rg2+ 69. Kf8 Rf2 70. Kg7 Rg2+ 71. Kf6 Rf2+ 72. Kg7 Rg2+ 73. Kf8 Rf2 1/2-1/2

[Event "Late-Titled-Tuesday-Blitz-August-29-2023"]
[Site "Chess.com"]
[Date "2023.08.29"]
[Round "1"]
[White "The_Machine04"]
[Black "sorch29"]
[Result "0-1"]
[WhiteElo "2673"]
[BlackElo "2405"]
[TimeControl "180+1"]
[EndTime "14:08:43 PDT"]
[Termination "sorch29 won by resignation"]

1. d4 Nf6 2. Nf3 g6 3. Nbd2 d5 4. e3 Bg7 5. b4 a5 6. b5 O-O 7. c4 c6 8. a4 Bf5 9. Ba3 Nbd7 10. Be2 Ne4 11. Nxe4 Bxe4 12. O-O c5 13.
dxc5 Bxa1 14. Qxa1 Qc7 15. cxd5 Nxc5 16. Qd4 Bxf3 17.
Bxf3 Rac8 18. Bg4 f5 19. Bb2 Rf6 20. Be2 b6 21. d6 Qxd6 22. Bc4+ Kg7 23. Qxd6 exd6 24.
Rd1 Rd8 25. f3 Nxa4 26. Ba1 Nc5 27. h4 h6 28. Rd5 Nb7 29. g4 Rc8 30. Bf1 Kf7 31.
Bxf6 Kxf6 32. gxf5 gxf5 33. Bh3 Rc5 34. Rd4 Rxb5 35.
Bf1 Re5 36. Kf2 b5 37. f4 Rc5 38. Bg2 Rc7 39. Bxb7 Rxb7 40. Rxd6+ Kg7 41. Ra6 b4 42.
Rxa5 b3 43. Ra1 b2 44. Rb1 Kg6 45. Kf3 Kh5 46. Kg3 Rb3 47. Kf3 Kg6 48. Kg3 Kf6 49.
Kf3 Ke6 50. Ke2 Kd5 51. Kd2 Ke4 52. Kc2 Rb4 53. Kd2 Rb5 54. Ke2 Rb3 55. Kd2 Rb7 56.
Ke2 Rb8 57. Kd2 Rb3 58. Kc2 Rxe3 59. Kxb2 Kxf4 60. Rf1+ Rf3 61. Rd1 Kg4 62. Rd6 h5 63. Rh6 Kxh4 64. Kc2 Kg4 65. Kd2 h4 66. Ke2 Rf4 67. Ke3 Kg3 68. Rg6+ Rg4 69. Rf6 f4+ 70. Ke2 Kg2 71. Rf8 h3 72. Ra8 h2 73. Kd3 h1=Q 74.
Ra2+ Kg3 75. Kd4 Qf3 76. Ra8 Qe3+ 77. Kd5 Rg5+ 78. Kd6 Qe5+ 0-1

[Event "Late-Titled-Tuesday-Blitz-August-29-2023"]
[Site "Chess.com"]
[Date "2023.08.29"]
[Round "1"]
[White "AungTZ"]
[Black "dennisodessa"]
[Result "0-1"]
[WhiteElo "2030"]
[BlackElo "2533"]
[TimeControl "180+1"]
[EndTime "14:08:43 PDT"]
[Termination "dennisodessa won on time"]

1. e4 e6 2. d4 d5 3. Nc3 Bb4 4. exd5 c5 5. a3 Bxc3+ 6. bxc3 Qxd5 7. Nf3 Nf6 8. c4 Qd6 9. c3 O-O 10. Bd3 Nc6 11. O-O Rd8 12. Be3 b6 13. Qe2 h6 14.
Rfd1 Ba6 15. dxc5 Qc7 16. cxb6 axb6 17. Nd4 Rab8 18. Nb5 Qe7 19. Bf4 Rbc8 20. Bd6 Qb7 21. Bg3 Bxb5 22. cxb5 Na5 23. Be5 Ne8 24. Be4 Qe7 25. a4 Nb3 26. Rxd8 Rxd8 27. Rd1 Nc5 28. Bc2 Nf6 29. Bd4 Nfd7 30. h3 Ra8 31. Qc4 Kf8 32. Be3 Ra7 33. Bc1 Ne5 34. Qe2 f6 35. Ba3 Kf7 36. f4 Ned7 37. Qg4 Nf8 38. Qh5+ Kg8 39.
Bxc5 bxc5 40. Qf3 Qc7 41. Qe4 Kf7 42. Bb3 Ke7 43. f5 c4 44. fxe6 cxb3 45. Qb4+ Ke8 46. b6 Qb7 47. bxa7 Qxa7+ 48. Kh1 Nxe6 49. Re1 Kf7 50.
Qxb3 Qd7 51. Qxe6+ Qxe6 52. Rxe6 Kxe6 53. Kg1 Kd6 54.
Kf2 Kc5 55. Kf3 Kb6 56. Kf4 g6 57. h4 Ka5 58. h5 gxh5 59. Kf5 Kxa4 60. Kxf6 Kb3 61.
Kg6 Kxc3 62. Kxh6 h4 63. Kh5 h3 64. Kh4 hxg2 65. Kg3 g1=Q+ 0-1

[Event "Late-Titled-Tuesday-Blitz-August-29-2023"]
[Site "Chess.com"]
[Date "2023.08.29"]
[Round "1"]
[White "DrVelja"]
[Black "Kombinator01"]
[Result "1-0"]
[WhiteElo "2876"]
[BlackElo "2465"]
[TimeControl "180+1"]
[EndTime "14:08:50 PDT"]
[Termination "DrVelja won on time"]

1. e4 c5 2. Nf3 e6 3. d4 cxd4 4.
Nxd4 Nf6 5. Nc3 Nc6 6. a3 d5 7.
exd5 Nxd5 8. Nxd5 Qxd5 9. Be3 Nxd4 10. Qxd4 Qxd4 11. Bxd4 a6 12. g3 Bd7 13. Bg2 Bc6 14.
Bxc6+ bxc6 15. Ke2 c5 16. Bc3 Kd7 17. Kd3 Kc6 18. Kc4 h5 19. h4 f6 20. Rhe1 Re8 21.
Re3 Bd6 22. Rae1 Kd7 23. Rd3 Kc6 24. Red1 Bc7 25. Rd7 Rhg8 26. Rf7 Ref8 27. Rdd7 Rxf7 28. Rxf7 Bd6 29. a4 Bc7 30. a5 Bd6 31. Ra7 g5 32.
Rxa6+ Kc7 33. Bxf6 gxh4 34. Bxh4 Rg4+ 35. Kd3 Rd4+ 36.
Ke2 Rb4 37. b3 c4 38. Rb6 cxb3 39. Rxb4 Bxb4 40. cxb3 Bxa5 41. Kd3 e5 42. f3 Kc6 43. Ke4 Kd6 44. g4 hxg4 45. fxg4 Ke6 46. Bf2 Bd2 47. Bc5 Bc3 48. b4 Kf6 49. b5 Ba5 50. b6 Kg5 51. b7 Bc7 52. Bb4 Kxg4 53. Bc3 Bb8 54. Bxe5 Ba7 55. Bd4 Bb8 56. Be3 Bc7 57. Bd4 Bb8 58.
Kd5 Kf5 59. Bc5 Kf6 60. Bd6 Ba7 61. Kc6 Ke6 62. Bh2 Ke7 63. Kb5 Kd7 64. Ka6 Bg1 65. b8=Q Bxh2 66. Qxh2 1-0

[Event "Late-Titled-Tuesday-Blitz-August-29-2023"]
[Site "Chess.com"]
[Date "2023.08.29"]
[Round "1"]
[White "Misticpikachu"]
[Black "CarrotsandPizza"]
[Result "0-1"]
[WhiteElo "2595"]
[BlackElo "2327"]
[TimeControl "180+1"]
[EndTime "14:08:50 PDT"]
[Termination "CarrotsandPizza won by checkmate"]

1. c4 e5 2. Nc3 Nf6 3. Nf3 d6 4. g3 g6 5. Bg2 Bg7 6. O-O O-O 7. d4 Nbd7 8. b3 Re8 9. Bb2 e4 10. Nd2 e3 11. fxe3 Ng4 12. Nde4 Nxe3 13. Qd3 Nxf1 14.
Rxf1 Nf6 15. Nxf6+ Bxf6 16. Ne4 Bg7 17. Nd2 c6 18. e4 c5 19. Nf3 Bg4 20. Qd2 Bxf3 21. Bxf3 Bxd4+ 22. Bxd4 cxd4 23. Qxd4 Qb6 24. Qxb6 axb6 25.
a4 Kf8 26. Rd1 Ke7 27. Kf2 Rac8 28. Ke3 Rc5 29. Kd4 Kd7 30. Rf1 Kc7 31. Bg4 Re7 32.
Rf6 Rce5 33. Bf3 R5e6 34. Rf4 g5 35. Rf5 Re5 36. Rf6 g4 37. Bg2 Rh5 38. Bf1 Rxh2 39.
Rf4 Rb2 40. Rxg4 Rxb3 41. Bd3 Rb2 42. Rh4 f6 43. Rh6 Rf7 44. Kd5 Kd7 45. Kd4 Ra2 46. Ke3 Rxa4 47. Be2 Ra2 48. c5 bxc5 49. Bg4+ Ke7 50. Kf4 Rg7 51. Bf5 Rf2+ 52. Ke3 Rf1 53. Bxh7 Rxg3+ 54. Ke2 Rf4 55. Bf5 Rg7 56. Rh8 Rxf5 57.
exf5 Rg5 58. Rb8 Kd7 59. Rxb7+ Kc6 60. Rb8 Rxf5 61. Rc8+ Kd5 62. Kd3 Rf3+ 63. Ke2 Ra3 64.
Rf8 Ke5 65. Re8+ Kd4 66. Rd8 Ra2+ 67. Kf3 d5 68. Rf8 Ra1 69. Ke2 c4 70. Kd2 Ra2+ 71.
Kd1 Rf2 72. Ke1 Rf4 73. Kd2 c3+ 74. Kd1 Kd3 75. Ke1 d4 76. Rd8 Rf5 77. Rd7 Rf4 78.
Rd8 f5 79. Rd7 Re4+ 80. Kf2 c2 81. Rc7 Kd2 82. Kg3 d3 83. Rf7 c1=Q 84. Rxf5 Qg1+ 85. Kh3 Qg4+ 86. Kh2 Re2+ 87. Kh1 Qg2# 0-1

[Event "Late-Titled-Tuesday-Blitz-August-29-2023"]
[Site "Chess.com"]
[Date "2023.08.29"]
[Round "1"]
[White "tteshan"]
[Black "rochaaaaaaaaaa"]
[Result "1-0"]
[WhiteElo "2562"]
[BlackElo "2230"]
[TimeControl "180+1"]
[EndTime "14:08:52 PDT"]
[Termination "tteshan won by resignation"]

1. e4 c6 2. d4 d5 3. Nc3 dxe4 4. Nxe4 Bf5 5. Ng3 Bg6 6. h4 h6 7. Nf3 Nd7 8. Bd3 Bxd3 9. Qxd3 e6 10. Bf4 Bb4+ 11.
c3 Be7 12. Ne4 Ngf6 13. Nd6+ Bxd6 14. Bxd6 Nb6 15. Ba3 Qd5 16. O-O O-O-O 17. b3 Qh5 18. g3 Nfd7 19. Rfe1 g5 20. Kg2 Rhg8 21. Rh1 Nd5 22. hxg5 Qg4 23. Bd6 hxg5 24. c4 N7f6 25. cxd5 Rxd6 26. dxc6 Rxc6 27. Rac1 Rxc1 28. Rxc1+ Kb8 29.
Ne5 Qe4+ 30. Qxe4 Nxe4 31. Nd7+ Ka8 32. Rc7 Nd6 33. Ne5 f6 34. Nd3 Kb8 35. Rd7 Nf5 36. Nc5 Kc8 37. Rxb7 Nxd4 38. Rxa7 Kb8 39. Rb7+ Kc8 40. Ra7 Kb8 41. Re7 Rc8 42. Nxe6 Nb5 43. Rf7 Rc2 44. Rxf6 Rxa2 45. Nxg5 Nd4 46. Rf7 Nxb3 47.
Kh3 Nd4 48. f4 Ra1 49. Kg4 Ra5 50.
Ne4 Kc8 51. Nd6+ Kb8 52. Rb7+ Ka8 53. Rg7 Ra1 54. f5 Ra4 55. Kg5 Nf3+ 56. Kf6 Ra6 57.
Ke6 Nd4+ 58. Ke5 Nc6+ 59. Kd5 Nb4+ 60. Kc5 Nd3+ 61. Kd5 Nb4+ 62. Ke6 Nd3 63. Rg8+ Ka7 64. f6 Nc5+ 65. Ke7 Ne4 66. Nb5+ Kb6 67. f7 Kxb5 68. f8=Q Ra7+ 69. Ke6 Ra6+ 70. Ke5 Nc5 71. Qb8+ Rb6 72. Qxb6+ Kxb6 73. g4 Kc6 74. g5 Kd7 75. g6 Ke7 76.
Kf5 Nd7 77. Rg7+ Ke8 78. Rxd7 Kxd7 79. g7 1-0

[Event "Late-Titled-Tuesday-Blitz-August-29-2023"]
[Site "Chess.com"]
[Date "2023.08.29"]
[Round "1"]
[White "Arystanner"]
[Black "GameOverBro"]
[Result "1/2-1/2"]
[WhiteElo "2849"]
[BlackElo "2464"]
[TimeControl "180+1"]
[EndTime "14:08:53 PDT"]
[Termination "Game drawn by stalemate"]

1. e4 d6 2. d4 Nf6 3. Nc3 e5 4. Nge2 c6 5. f3 h5 6. Be3 a5 7. Qd2 a4 8. dxe5 dxe5 9. Qxd8+ Kxd8 10. Bb6+ Ke8 11. O-O-O Nbd7 12. Bc7 Bc5 13. Ng3 g6 14. Bd3 Ke7 15. Kb1 Ne8 16. Bxe5 Nxe5 17. f4 Ng4 18. Rde1 Bf2 19. Re2 Bxg3 20. hxg3 Be6 21. f5 Bd7 22.
fxg6 fxg6 23. e5 Bf5 24. Ne4 Bxe4 25. Bxe4 Rg8 26. Bf3 a3 27. b4 Rd8 28. c3 Ng7 29. Kc2 Ke6 30. Kb3 Rd3 31. Be4 Rxg3 32. Bxg6 Nxe5 33. Bxh5 Nxh5 34. Rxh5 R8g5 35. Rxg5 Rxg5 36.
Kxa3 b5 37. Kb3 Kd5 38. a4 bxa4+ 39. Kxa4 Rg3 40. Kb3 Nc4 41. Rf2 Nd6 42. Rd2+ Ke5 43. Re2+ Ne4 44. Rc2 Kd5 45. Rc1 Rxg2 46. Rd1+ Ke5 47.
Kc4 Rg3 48. Rc1 Rf3 49. b5 cxb5+ 50. Kxb5 Nxc3+ 51. Kc4 Ne4 52. Rh1 Rc3+ 53. Kb4 Rc7 54. Rh5+ Kd4 55. Rh4 Rb7+ 56. Ka5 Kd5 57. Rh5+ Kd4 58.
Rh4 Rb1 59. Ka4 Kd5 60. Ka5 Nd6 61. Rh5+ Kc6 62. Ka4 Nb7 63. Ka3 Nc5 64. Rh8 Rb7 65.
Rh6+ Kd5 66. Rh5+ Kd4 67. Rh4+ Ne4 68. Ka4 Kd3 69. Ka5 Rb1 70. Rg4 Nf6 71. Rh4 Nd5 72.
Ka4 Ne3 73. Ka5 Nf5 74. Rf4 Nd4 75. Rh4 Kc4 76. Rg4 Kd5 77. Rg5+ Kc6 78. Rg6+ Kc5 79.
Rg5+ Kc4 80. Rg4 Rb5+ 81. Ka6 Rb3 82. Rh4 Kc5 83. Rh5+ Kd6 84. Rh6+ Ne6 85. Ka5 Kd7 86.
Ka4 Nc5+ 87. Ka5 Kc7 88. Rc6+ Kxc6 1/2-1/2

[Event "Late-Titled-Tuesday-Blitz-August-29-2023"]
[Site "Chess.com"]
[Date "2023.08.29"]
[Round "1"]
[White "Berant"]
[Black "Mackster23"]
[Result "0-1"]
[WhiteElo "2278"]
[BlackElo "2596"]
[TimeControl "180+1"]
[EndTime "14:08:58 PDT"]
[Termination "Mackster23 won by checkmate"]

1. e4 e6 2. d4 d5 3. Nd2 Nf6 4. e5 Nfd7 5. Bd3 c5 6. c3 Nc6 7.
Ne2 cxd4 8. cxd4 f6 9. exf6 Nxf6 10. O-O Bd6 11. Nf3 O-O 12. Bg5 Qb6 13. b3 h6 14.
Bh4 Bd7 15. Rc1 Rae8 16. Bg6 Rc8 17. Bb1 e5 18. dxe5 Nxe5 19. Nxe5 Bxe5 20. Rxc8 Bxc8 21. Bxf6 Qxf6 22. Qxd5+ Be6 23. Qe4 Rd8 24. Ng3 Bd5 25. Qh7+ Kf7 26. Qf5 Be6 27. Qxf6+ Bxf6 28. Ne4 Be7 29.
h3 Rd4 30. Re1 Bb4 31. Rc1 Kg8 32. Ng3 Rd2 33. Re1 Bf7 34. Rc1 Rd8 35. Nf5 b6 36. Kh2 Bc5 37. Ne3 Rd2 38. Ng4 a5 39. Rc2 Rd1 40. Rb2 Ba3 41. Bc2 Rc1 42. Bh7+ Kxh7 43.
Re2 Rc7 44. Re5 Bd6 45. f4 Bxe5 46. Nxe5 Be6 47. g4 g5 48. f5 Bd5 49. Ng6 Kg7 50. h4 gxh4 51. Kh3 Rc2 52. Kxh4 Rxa2 53. g5 hxg5+ 54. Kxg5 Rf2 55. Ne5 Bxb3 56. Nd7 b5 57. f6+ Kf7 58. Ne5+ Ke6 59. Nd3 Rxf6 60. Nc5+ Ke7 61.
Nxb3 Rf3 62. Nxa5 Rc3 63. Kf4 b4 64. Ke4 Kd6 65. Kd4 Rc1 66. Nc4+ Kc6 67. Nb2 Kb5 68. Kd3 Rc3+ 69. Kd2 Rc8 70. Kd1 Rd8+ 71. Kc2 Rf8 72. Kb3 Rh8 73. Ka2 Rh3 74. Kb1 b3 75. Kc1 Kb4 76.
Nd1 Rh1 77. Kb2 Rh2+ 78. Kb1 Ka3 79. Ka1 Rh1 80. Kb1 Rxd1# 0-1

[Event "Late-Titled-Tuesday-Blitz-August-29-2023"]
[Site "Chess.com"]
[Date "2023.08.29"]
[Round "1"]
[White "Cambek64"]
[Black "ckgchess"]
[Result "0-1"]
[WhiteElo "2475"]
[BlackElo "2904"]
[TimeControl "180+1"]
[EndTime "14:09:01 PDT"]
[Termination "ckgchess won on time"]

1. e4 c6 2. d3 d5 3. Nd2 g6 4.
Ngf3 Bg7 5. Be2 e5 6. O-O Ne7 7.
c4 O-O 8. cxd5 cxd5 9. exd5 Nxd5 10. Nc4 Nc6 11. a4 Re8 12. Re1 Bf5 13. Bg5 Qd7 14. Qb3 h6 15. Bd2 Rad8 16. Rad1 Bg4 17. Bc3 Nf4 18. Ncd2 Nxe2+ 19. Rxe2 Qxd3 20. Rde1 b6 21. h3 Be6 22. Qb5 Qxb5 23. axb5 Nd4 24. Rxe5 Nxf3+ 25. Nxf3 Bxe5 26. Nxe5 Bb3 27. Ra1 Rd1+ 28. Rxd1 Bxd1 29.
Nc6 Ra8 30. Kf1 Bb3 31. Nd4 Bd5 32. Ke1 Bxg2 33. h4 h5 34. f3 Bh3 35. Kf2 Bd7 36. Kg3 Re8 37. Kf4 f6 38. Bb4 Kf7 39. Bd6 Rc8 40. b4 Rc4 41. Ke3 g5 42. hxg5 fxg5 43. Kd3 Rc8 44. Ke4 Kg6 45. Kd5 h4 46. Nc6 Bxc6+ 47.
bxc6 Kf6 48. c7 a5 49. b5 a4 50. Kc6 Ke6 51. Bb4 h3 52. Kb7 Kd7 53. Kxb6 Rxc7 54. Ka5 h2 55. b6 h1=Q 56. bxc7 Kxc7 57. Kxa4 Qxf3 58. Kb5 g4 59. Bc5 Kd7 60. Kc4 Ke6 61. Bd4 Kf5 62. Kc5 Qe4 63. Kc4 g3 64. Kc3 g2 65.
Bc5 Kg4 66. Bb6 Kf3 67. Bc5 Ke2 68. Ba7 Qd3+ 69. Kb4 Qa6 70. Bg1 Kd3 71. Kc5 Qc4+ 72. Kd6 Ke4 73. Ke7 Kf5 74. Kd6 Qd3+ 0-1

[Event "Late-Titled-Tuesday-Blitz-August-29-2023"]
[Site "Chess.com"]
[Date "2023.08.29"]
[Round "1"]
[White "German_Bazeev"]
[Black "Fleetw00dMac"]
[Result "0-1"]
[WhiteElo "2790"]
[BlackElo "2456"]
[TimeControl "180+1"]
[EndTime "14:09:04 PDT"]
[Termination "Fleetw00dMac won by resignation"]

1. c4 g6 2. Nc3 Bg7 3. d4 Nf6 4. Nf3 O-O 5. Bg5 h6 6. Bh4 c5 7. e3 d6 8. Be2 g5 9. Bg3 Nh5 10.
dxc5 Nxg3 11. hxg3 dxc5 12. Qc2 e6 13. Nh2 f5 14. f4 Nc6 15. a3 Qe7 16. Nf3 b6 17.
g4 gxf4 18. exf4 fxg4 19. Ng5 Rf5 20. Nge4 Nd4 21. Qd3 Rxf4 22. O-O-O Bb7 23. Qe3 Raf8 24. Bd3 Qc7 25. Kb1 Qe5 26. Rhe1 Kh8 27. Qg3 Rxe4 28. Nxe4 Qxg3 29. Nxg3 Bxg2 30. Be4 Rf2 31. Bxg2 Rxg2 32. Rg1 Rf2 33. Rdf1 Rf3 34. Rxf3 gxf3 35. Ne4 Be5 36. Rh1 Kg7 37. Kc1 Bf4+ 38. Kd1 Be3 39. Re1 Bf4 40.
Rg1+ Kf7 41. Ke1 e5 42. Kf2 h5 43. Rh1 Kg6 44. Nd6 Bg5 45. Ne4 Be7 46. Ke3 h4 47.
Kf2 Kf5 48. Ke3 Nc2+ 49. Kxf3 Nd4+ 50. Ke3 Nc2+ 51. Kd3 Nd4 52. Rf1+ Ke6 53. Rg1 Nf3 54. Rf1 Ng5 55. Nxg5+ Bxg5 56. Ke4 Bf4 57. Rf3 Bg3 58. Rf8 h3 59. Rh8 h2 60. Rh6+ Kf7 61. Kf5 Kg7 62.
Rh3 Bf4 63. b4 cxb4 64. axb4 Kf7 65. c5 bxc5 66. bxc5 Ke7 67. Rh7+ Kd8 68. Ke6 e4 69. Kd5 e3 70. c6 e2 71. Rh8+ Kc7 72. Rh7+ Kb6 73.
Rb7+ Ka6 74. Rb1 Bg3 75. Ra1+ Kb6 76. Rb1+ Ka6 77. Ra1+ Kb5 78. Rb1+ Ka4 79. Ra1+ Kb3 80. c7 Bxc7 81. Re1 Bg3 82. Rxe2 h1=Q+ 0-1

[Event "Late-Titled-Tuesday-Blitz-August-29-2023"]
[Site "Chess.com"]
[Date "2023.08.29"]
[Round "1"]
[White "kingofthenil"]
[Black "ashookk"]
[Result "1-0"]
[WhiteElo "2655"]
[BlackElo "2355"]
[TimeControl "180+1"]
[EndTime "14:09:11 PDT"]
[Termination "kingofthenil won by checkmate"]

1. Nf3 Nf6 2. g3 g6 3. Bg2 Bg7 4. O-O O-O 5. c4 d6 6. d4 c5 7. Nc3 Nc6 8. dxc5 dxc5 9. h3 Be6 10. Ng5 Qxd1 11. Rxd1 Bxc4 12. Be3 Nd4 13. Bxd4 cxd4 14. Rxd4 Ba6 15. Rb4 Rab8 16. Nb5 h6 17. Nf3 Nd5 18.
Rb3 Bxb5 19. Rxb5 e6 20. Nd2 Rfd8 21. Nc4 b6 22. Kf1 Rbc8 23. Bxd5 exd5 24. Ne3 d4 25. Nd5 Rc5 26. Rxc5 bxc5 27. Ne7+ Kf8 28. Nc6 Rd6 29. Na5 d3 30. Nc4 Rd4 31. exd3 Rxd3 32. Ke2 Rd5 33. Rd1 Bd4 34. f4 Kg7 35. Kf3 Rd7 36. g4 Rb7 37.
b3 a5 38. Nxa5 Ra7 39. Nc6 Rxa2 40. Nxd4 cxd4 41. Rxd4 Rb2 42. Rd3 Kf6 43. Ke4 Ke6 44.
Kd4 h5 45. Re3+ Kf6 46. Kc5 hxg4 47. hxg4 Rc2+ 48. Kd4 Rg2 49. g5+ Kf5 50. Rf3 Rb2 51. Kc3 Rb1 52. b4 Rc1+ 53. Kd4 Rd1+ 54. Kc4 Ke4 55.
Rf2 Rc1+ 56. Kb3 Ke3 57. Rc2 Rb1+ 58. Rb2 Rc1 59. b5 Kxf4 60. b6 Rc8 61. Rc2 Rb8 62.
Rc4+ Kxg5 63. Rb4 f5 64. Kc3 f4 65. Kd3 Kg4 66. Ke2 g5 67. Kf2 Rb7 68. Rb5 Kh3 69. Kf3 Rf7 70. Rxg5 Rb7 71. Rb5 Kh4 72. Kxf4 Kh3 73. Rh5+ Kg2 74. Rh6 Kf2 75. Ke4 Ke2 76.
Kd5 Rd7+ 77. Kc6 Rd1 78. Rh5 Rc1+ 79. Rc5 Rb1 80. b7 Kd3 81. Rb5 Rc1+ 82. Kd5 Rh1 83. b8=Q Rh5+ 84. Ke6 Rh6+ 85. Kf7 Rh7+ 86. Kg6 Rd7 87.
Rb3+ Kd4 88. Qb4+ Kd5 89. Rd3+ Ke6 90. Qe4# 1-0

[Event "Late-Titled-Tuesday-Blitz-August-29-2023"]
[Site "Chess.com"]
[Date "2023.08.29"]
[Round "1"]
[White "misterlamine"]
[Black "Fonsofan"]
[Result "0-1"]
[WhiteElo "2374"]
[BlackElo "2681"]
[TimeControl "180+1"]
[EndTime "14:09:27 PDT"]
[Termination "Fonsofan won on time"]

1. d4 Nf6 2. c4 d6 3. Nf3 g6 4. Nc3 Bf5 5. Qb3 Qc8 6. Bg5 Bg7 7. e3 O-O 8. Be2 Nc6 9. O-O Re8 10.
Rfe1 h6 11. Bh4 g5 12. Bg3 Nh5 13. e4 Bg4 14. d5 Bxf3 15. Bxf3 Nd4 16. Qd1 Nxg3 17.
hxg3 c5 18. dxc6 bxc6 19. Bg4 Qa6 20. Qd3 e6 21. Rad1 Rab8 22. b3 Qb6 23. Ne2 c5 24. Nc3 a6 25. f4 Qd8 26. f5 Be5 27. Rf1 Rb7 28. Bh5 Rf8 29. Rf2 Qa5 30. Rdf1 Qxc3 31. Qxc3 Ne2+ 32. Rxe2 Bxc3 33. Bg4 exf5 34. Bxf5 Be5 35.
Rf3 a5 36. Rd3 Ra8 37. Kf2 a4 38. Kf3 Rb4 39. Kg4 Rab8 40. Kh5 Kg7 41. Ree3 Bd4 42.
Rf3 R8b7 43. Bc8 Re7 44. Bf5 Ra7 45. Bc8 axb3 46. axb3 Ra1 47. Bd7 Be5 48. Bc6 f6 49. Kg4 Rb6 50. Bd7 Rb7 51. Ba4 Re7 52. Rd2 Kg6 53. Rf5 h5+ 54. Kf3 Rf1+ 55. Ke2 Rxf5 56.
exf5+ Kxf5 57. Bc6 Bxg3+ 58. Kf3 Bf4 59. Rd5+ Be5 60.
Rd2 g4+ 61. Kf2 Bd4+ 62. Kf1 Kf4 63. Bd5 h4 64. Rd3 Ra7 65. Rd1 Ra2 66. Re1 Kg3 67. Re2 Ra1+ 68. Re1 Ra2 69. Re2 Ra3 70. Re6 f5 71.
Rxd6 f4 72. Rg6 Ra2 73. Be6 Rf2+ 74. Ke1 Rxg2 75. Bxg4 Kh2 76. Bf5 Rxg6 77. Bxg6 Kg2 78. Be4+ f3 79. b4 cxb4 80. Kd2 Bc5 81. Kd3 h3 0-1

[Event "Late-Titled-Tuesday-Blitz-August-29-2023"]
[Site "Chess.com"]
[Date "2023.08.29"]
[Round "1"]
[White "MikeSailer"]
[Black "Aureliano-Buendia"]
[Result "0-1"]
[WhiteElo "2165"]
[BlackElo "2548"]
[TimeControl "180+1"]
[EndTime "14:09:40 PDT"]
[Termination "Aureliano-Buendia won on time"]

1. d4 d5 2. Bf4 Nf6 3. Nc3 a6 4. e3 c5 5. dxc5 e6 6. Na4 Nbd7 7. b4 Be7 8. Nf3 O-O 9. Bd3 Nh5 10.
O-O Nxf4 11. exf4 a5 12. c3 axb4 13. cxb4 Bf6 14. Rb1 e5 15. fxe5 Nxe5 16. Nxe5 Bxe5 17. Nb6 Rxa2 18. Bxh7+ Kxh7 19. Qh5+ Kg8 20. Qxe5 Be6 21. Rfd1 Re8 22. Qd4 Qg5 23. Rb3 f6 24. Rg3 Qh5 25.
Re1 Kf7 26. h3 Re2 27. Rxe2 Qxe2 28. Qe3 Qd1+ 29. Kh2 Bxh3 30. Qd3 Qxd3 31. Rxd3 Be6 32. Nxd5 Rh8+ 33. Kg3 Rh1 34. Nf4 Rb1 35. Nxe6 Kxe6 36. Rd4 Rb3+ 37. f3 g5 38. Kg4 Rb2 39. g3 Rb3 40.
Re4+ Kf7 41. Rd4 Kg6 42. Rc4 f5+ 43. Kh3 Rxf3 44. b5 Re3 45. c6 bxc6 46. bxc6 Re8 47. c7 Rc8 48. g4 f4 49. Rc5 Kf6 50. Kg2 Ke6 51. Rxg5 Rxc7 52. Rf5 Rg7 53. Rxf4 Ke5 54. Ra4 Kf6 55. Kg3 Kg5 56. Ra5+ Kg6 57. Kf4 Rb7 58.
Ra6+ Kg7 59. Kg5 Rc7 60. Kh5 Rb7 61. g5 Rc7 62. Rb6 Ra7 63. Rc6 Rb7 64. Rg6+ Kh7 65. Rh6+ Kg7 66. Rg6+ Kh7 67. Rc6 Kg7 68. g6 Ra7 69.
Rd6 Ra5+ 70. Kg4 Kh6 71. Rc6 Rb5 72. Rd6 Rc5 73. Rb6 Rc1 74. Ra6 Rb1 75. Rc6 Rd1 76.
Rb6 Rc1 77. Ra6 Rc4+ 78. Kf5 Rc1 79. Kf6 Rf1+ 80. Ke7 Kg7 81. Ra7 Kxg6 82. Ra6+ Kg7 83.
Ke6 Rf6+ 0-1

[Event "Late-Titled-Tuesday-Blitz-August-29-2023"]
[Site "Chess.com"]
[Date "2023.08.29"]
[Round "1"]
[White "Zavgorodniy_Sergiy"]
[Black "matagordo"]
[Result "0-1"]
[WhiteElo "2532"]
[BlackElo "2179"]
[TimeControl "180+1"]
[EndTime "14:09:59 PDT"]
[Termination "matagordo won by checkmate"]

1. d4 e6 2. c4 Nf6 3. Nf3 Bb4+ 4.
Nbd2 O-O 5. g3 d6 6. Bg2 Qe7 7. O-O Nc6 8. Qc2 Bxd2 9. Bxd2 e5 10. d5 Nb8 11. e4 a5 12. Ne1 Re8 13. Nd3 Nbd7 14.
b3 b6 15. a3 Nc5 16. Rfe1 Bd7 17. b4 Nb7 18. Rab1 axb4 19. axb4 Ra4 20. Ra1 Rea8 21. Rxa4 Rxa4 22. Bc3 Qe8 23. Ra1 Qa8 24. Rxa4 Qxa4 25. Qxa4 Bxa4 26. Nb2 Bc2 27. f3 Nd7 28. Kf2 f5 29.
Ke3 fxe4 30. fxe4 Nf6 31. Bf3 g5 32. h3 h5 33. g4 h4 34. Nd3 Bb3 35. c5 bxc5 36.
bxc5 Bc4 37. c6 Nd8 38. Ba5 Ne8 39. Nb4 Bf1 40. Kf2 Bxh3 41. Na6 Nf7 42. Nxc7 Kf8 43. Ne6+ Ke7 44. Be2 Nh6 45. c7 Nxc7 46. Bxc7 Nxg4+ 47. Bxg4 Bxg4 48. Bd8+ Kd7 49. Bxg5 h3 50. Ng7 Bd1 51. Nh5 Bxh5 52. Kg3 Bd1 53. Kxh3 Bc2 54. Kg3 Bxe4 55. Kf2 Bxd5 56. Ke3 Ke6 57. Kd3 Bc6 58.
Bh6 Be8 59. Ke3 Bg6 60. Kd2 Kd5 61. Ke3 Ke6 62. Bf8 d5 63. Bg7 d4+ 64. Kd2 Kd5 65.
Bf6 Ke4 66. Ke2 Bh5+ 67. Kd2 Bg4 68. Bg7 Bf3 69. Bf6 Bg2 70. Bg7 Bf1 71. Bf6 Bb5 72.
Bg7 Kd5 73. Bh8 e4 74. Bg7 e3+ 75. Ke1 Ke4 76. Bf8 d3 77. Bb4 Kf3 78. Ba5 Ke4 79. Bb4 Kd5 80. Ba5 Kc4 81. Kd1 Ba4+ 82. Kc1 Kb3 83.
Be1 Bc6 84. Ba5 Bf3 85. Be1 Kc4 86. Ba5 Kd4 87. Bb6+ Ke4 88. Ba5 Be2 89. Bb4 Kf3 90. Ba5 Kg2 91. Bb4 Kf2 92. Bc3 Kf3 93. Bb4 Bf1 94.
Ba5 Ke2 95. Bc3 d2+ 96. Bxd2 exd2+ 97. Kb2 d1=Q 98. Ka3 Qb1 99. Ka4 Kd3 100. Ka5 Kc4 101. Ka6 Kc5+ 102. Ka7 Bh3 103. Ka8 Kc6 104. Ka7 Kc7 105. Ka8 Qb7# 0-1

[Event "Late-Titled-Tuesday-Blitz-August-29-2023"]
[Site "Chess.com"]
[Date "2023.08.29"]
[Round "1"]
[White "GianmarcoVaR"]
[Black "guillembaches"]
[Result "1/2-1/2"]
[WhiteElo "2740"]
[BlackElo "2439"]
[TimeControl "180+1"]
[EndTime "14:10:36 PDT"]
[Termination "Game drawn - insufficient material"]

1. e4 d5 2. exd5 Qxd5 3. Nc3 Qa5 4. d4 Nf6 5. Bc4 Bg4 6. f3 Bd7 7. Ne2 e6 8. Bd2 Qb6 9. O-O Be7 10. Kh1 O-O 11. Bd3 c5 12. Be3 cxd4 13. Bxd4 Qc7 14. Qe1 Nc6 15. Nb5 Qa5 16. Qxa5 Nxa5 17.
Nxa7 Nd5 18. a3 e5 19. Bf2 Be6 20. b4 Nc6 21. Nxc6 bxc6 22. c4 Nf6 23. Bb6 Nd7 24.
Ba5 c5 25. Rfc1 Rfc8 26. Ng3 g6 27. Ne4 f5 28. Nd2 Bg5 29. Rc2 cxb4 30. axb4 Nb6 31. c5 Nd5 32. Bc4 Kf8 33. Rb1 Kf7 34. Nf1 Ne3 35. Nxe3 Bxe3 36. Bxe6+ Kxe6 37. Re2 f4 38. Rd1 Bxc5 39. Rde1 Bd6 40. g3 g5 41. gxf4 gxf4 42. Rd1 Rab8 43. Red2 Be7 44. Rd5 Bxb4 45. Bxb4 Rxb4 46.
Rd6+ Kf5 47. Rh6 Rc2 48. Rxh7 Rbb2 49. Rg1 Ke6 50. Rh5 Kd5 51. Rd1+ Ke6 52. Re1 Re2 53. Rg1 Rf2 54. Re1 Kf6 55. Rh6+ Kf5 56. Rh5+ Kf6 57.
Rh6+ Kf5 58. Rh8 Rxf3 59. Rh5+ Kf6 60. Rhxe5 Rff2 61. Rh5 Rfe2 62. Rg1 Rf2 63. Rh6+ Kf7 64. Rh7+ Kf6 65. Rh6+ Kf7 66. Rh5 Kf6 67. Rh3 Kf5 68.
Rh8 f3 69. Rf8+ Ke6 70. Re8+ Kd7 71. Rh8 Rg2 72. Rxg2 Rxg2 73. Rf8 Rf2 74. h4 Ke7 75. Rf4 Ke6 76. h5 Ke5 77. Rf8 Ra2 78. Rxf3 Ra6 79. Kg2 Rh6 80. Ra3 Kf4 81. Ra4+ Kf5 82. Kg3 Rxh5 83.
Ra5+ Kg6 84. Ra6+ Kg7 85. Kg4 Rc5 86. Rd6 Rb5 87. Kf4 Kf7 88. Rh6 Ra5 89. Rc6 Kg7 90. Kg4 Rb5 91. Rc4 Ra5 92. Rb4 Kf7 93. Rb6 Kg7 94. Kf4 Kf7 95. Ke4 Kg7 96. Rb4 Rh5 97. Kd3 Kf7 98. Rf4+ Kg7 99. Rf3 Kg8 100. Ke4 Kg7 101.
Kf4 Kg8 102. Rg3+ Kf7 103. Rb3 Ra5 104. Rb7+ Kf6 105. Rb1 Kg6 106. Rb6+ Kf7 107. Ke4 Ke7 108. Kd4 Kf7 109. Kc3 Ke7 110. Kb4 Rh5 111. Kc4 Kd7 112. Kd4 Kc7 113.
Rg6 Kd7 114. Ke4 Ke7 115. Kf4 Kf7 116. Ra6 Rb5 117. Kg4 Ke7 118. Kh4 Kd7 119. Ra4 Kc7 120. Rg4 Kd7 121. Rg5 Rxg5 122. Kxg5 1/2-1/2